 Dungeon Crawl Stone Soup version 0.27-a0-1256-gced786f65e (webtiles) character file.

Game seed: 16746399762199005111

376 mordus the Cudgeller (level 6, -2/59 HPs)
             Began as a Troll Monk on June 10, 2021.
             Slain by an orc wizard
             ... wielding a +2 dagger of venom
              (3 damage)
             ... on level 4 of the Dungeon.
             The game lasted 00:05:41 (3032 turns).

mordus the Cudgeller (Troll Monk)                   Turns: 3032, Time: 00:05:41

Health: -2/59      AC:  4    Str: 22    XL:     6   Next: 44%
Magic:  5/5        EV: 11    Int:  6    God:
Gold:   205        SH:  0    Dex: 12    Spells: 5/5 levels left

rFire    . . .     SeeInvis .   a - +0 mace
rCold    . . .     Faith    .   (no shield)
rNeg     . . .     Spirit   .   b - +0 robe
rPois    .         Reflect  .   (helmet restricted)
rElec    .         Harm     .   (no cloak)
rCorr    .         Rampage  .   (gloves unavailable)
Will     .....                  (boots unavailable)
Stlth    ++........             (no amulet)
HPRegen  1.19/turn              (no ring)
MPRegen  0.09/turn              (no ring)

@: lethally poisoned (-2 -> -7)
A: large, unfitting armour, claws 3, regeneration 1, shaggy fur 1, tough skin 1
a: no special abilities


You were on level 4 of the Dungeon.
You visited 2 branches of the dungeon, and saw 5 of its levels.

You collected 205 gold pieces.

Inventory:

Hand Weapons
 a - a +0 mace (weapon)
Armour
 b - a +0 robe (worn)
Jewellery
 c - a ring of willpower
 d - a ring of fire
 h - an amulet of regeneration
Scrolls
 f - a scroll of enchant weapon {unknown}
 g - a scroll of identify {unknown}
 i - a scroll of blinking {unknown}
 k - a scroll of teleportation {unknown}
 l - a scroll of noise {unknown}
 o - a scroll of brand weapon {unknown}
Potions
 e - a potion of curing {unknown}
 j - a potion of degeneration {unknown}
 m - 2 potions of haste {unknown}
 n - a potion of mutation {unknown}


   Skills:
 - Level 2.4 Fighting
 * Level 5.7 Maces & Flails
 + Level 4.0 Dodging
 - Level 1.0 Stealth


You had 5 spell levels left.
You didn't know any spells.
Your spell library contained the following spells:

 Spells                   Type           Power      Damage    Failure   Level
 Animate Skeleton         Necr           0%         N/A       45%         1
 Beastly Appendage        Tmut           0%         N/A       45%         1
 Pain                     Necr           0%         1d4       45%         1
 Wereblood                Tmut           0%         N/A       58%         2
 Spider Form              Tmut/Pois      0%         N/A       83%         3
 Vampiric Draining        Necr           0%         2d6       83%         3
 Animate Dead             Necr           0%         N/A       99%         4
 Ice Form                 Ice/Tmut       0%         N/A       99%         4
 Agony                    Necr           0%         N/A       100%        5


Dungeon Overview and Level Annotations

Branches:
Dungeon (4/15)             Temple (1/1) D:4

Altars:
Ashenzari
Cheibriados
Dithmenos
Elyvilon
Okawaru
Ru
Sif Muna
Trog
Vehumet
Wu Jian
Xom
Yredelemnul
Zin

Shops:
D:1 (


Innate Abilities, Weirdness & Mutations

You are too large for most types of armour.
You have claws for hands.
Your natural rate of healing is unusually fast.
You are covered in fur. (AC +1)
You have tough skin. (AC +1)


Message History

You feel sick.
You are no longer poisoned.
You hear some strange, mumbled words.
You are confused.
The orc closely misses you. The orc closely misses you.
You're too confused to move!
You see here a scorpion corpse.
You feel less confused.
An orc wizard appears from thin air!
Reactivating autopickup.
The orc wizard casts a spell.
The orc wizard flickers and vanishes!
Deactivating autopickup; reactivate with Ctrl-A.
Something hits you.
You are poisoned.
You closely miss something.
You feel sick. Something hits you.
You closely miss something.
You feel sick. Something hits you but does no damage.
You barely miss something.
You feel sick. Something hits you but does no damage.
You are more poisoned.
Something hits you.
* * * LOW HITPOINT WARNING * * *
You are more poisoned.
You hit something.
You feel very sick. Something hits you.
* * * LOW HITPOINT WARNING * * *
You are lethally poisoned!
You closely miss something.
* * * LOW HITPOINT WARNING * * *
You feel very sick. Something hits you.
* * * LOW HITPOINT WARNING * * *
You closely miss something.
* * * LOW HITPOINT WARNING * * *
You feel very sick. Something hits you.
You die...

#....... ........ ### ........
##.# ........ ###..#
##########....# ####.......#
####....†.....# ############
.........##...#######..........#
.......###....o{@........#.....#
......####.....###......##.....#
....>...#.....## #...)...#.....#
.....#.........# #...........(.#
.....####......# ##...........##
#....# #.......# #...........#
###### #.......## ##..........#
#........# ##........##
#........# #......###


You could see an orc.

Vanquished Creatures
  An ogre (D:3)
  A scorpion (D:4)
  An orc priest (D:3)
  2 jellies (D:4)
  A hound (D:4)
  An iguana (D:4)
  3 adders
  2 worms (D:2)
  A dart slug (D:3)
  3 orcs
  3 endoplasms
  3 giant cockroaches
  6 hobgoblins
  6 jackals (D:3)
  A quokka (D:3)
  6 ball pythons
  5 bats
  A frilled lizard (D:3)
  4 goblins
  8 kobolds
  5 rats
64 creatures vanquished.

Vanquished Creatures (others)
  3 fungi (D:2)
  3 plants (D:2)
6 creatures vanquished.

Grand Total: 70 creatures vanquished

Notes
Turn   | Place    | Note
-------+----------+-------------------------------------------
     0 | D:1      | mordus the Troll Monk began the quest for the Orb.
     0 | D:1      | Reached XP level 1. HP: 22/22 MP: 0/0
   190 | D:1      | Reached skill level 3 in Maces & Flails
   228 | D:1      | Reached XP level 2. HP: 26/29 MP: 1/1
   463 | D:1      | Found Vauxesch's Weapon Shop.
   866 | D:2      | Found a faded altar of an unknown god.
   881 | D:2      | Reached XP level 3. HP: 31/36 MP: 2/2
  1588 | D:3      | Reached skill level 4 in Maces & Flails
  1588 | D:3      | Reached XP level 4. HP: 16/44 MP: 3/3
  1647 | D:3      | Noticed an ogre
  1692 | D:3      | HP: 1/44 [ogre/+0 giant club (13)]
  1734 | D:3      | Killed an ogre
  1735 | D:3      | Reached XP level 5. HP: 14/50 MP: 4/4
  2466 | D:4      | Found a staircase to the Ecumenical Temple.
  2485 | D:4      | Reached skill level 5 in Maces & Flails
  2576 | Temple   | Entered the Ecumenical Temple
  2787 | D:4      | Found a snail-covered altar of Cheibriados.
  2795 | D:4      | Reached XP level 6. HP: 24/59 MP: 5/5
  3032 | D:4      | HP: 1/59 [poisoned by an orc wizard]
  3032 | D:4      | Slain by an orc wizard

Illustrated notes

Levels and vault maps discovered:
D:1:      sevenhm_arrival_forest_fort_large_1, layout_rooms, serial_shops,
          nicolae_shop_crystal
D:2:      layout_loops_ring, shapermc_ecumenical_altar_mp_urbaneastern
D:3:      layout_basic
D:4:      layout_cave_pods, nicolae_gozag_seed_capital, cheibriados_altar_1,
          temple_statues
Temple:   chequers_temple_sunken

Skill      XL: |  1  2  3  4  5  6 |
---------------+-------------------+-----
Maces & Flails | 3 4 5 |  5.7
Dodging        | 3 4 |  4.0
Fighting       | |  2.4
Stealth        | |  1.0

Action                   |  1- 3 |  4- 6 || total
-------------------------+-------+-------++-------
Melee: Mace              |   116 |   160 ||   276
 Stab: Sleeping          |     2 |       ||     2
Armor: Robe              |    48 |    52 ||   100
Dodge: Dodged            |    70 |   105 ||   175

Table legend: (Time is in decaauts)
 A = Elapsed time spent in this place.
 B = Non-inter-level travel time spent in this place.
 C = Inter-level travel time spent in this place.
 D = Time resting spent in this place.
 E = Time spent auto-exploring this place.
 F = Levels seen in this place.
 G = Mean time per level.
                   A        B        C        D        E       F      G
               +--------+--------+--------+--------+--------+-----+--------+
         Total |   3135 |   3043 |     92 |    175 |   2210 |   5 |  627.0 |
       Dungeon |   2897 |   2835 |     62 |    175 |   2002 |   4 |  724.2 |
        Temple |    238 |    208 |     30 |      0 |    208 |   1 |  238.0 |
               +--------+--------+--------+--------+--------+-----+--------+

Top non-repeatable levels by time:
     D:3: 1101 daAuts
     D:2: 748 daAuts
     D:1: 606 daAuts
     D:4: 441 daAuts
  Temple: 238 daAuts
